 Dungeon Crawl Stone Soup version 0.31-a0-1576-ga3383bade6 (webtiles) character file.

Game seed: 4745211164709872359

4447 Flugslaktarn the Thaumaturge (level 10, -1/94 HPs)
             Began as an Octopode Alchemist on Jan 4, 2024.
             Was a Follower of Sif Muna.
             Slain by a sixfirhy (10 damage)
             ... summoned by an orc sorcerer
             ... led by an orc warlord
             ... on level 1 of the Orcish Mines.
             The game lasted 00:12:04 (4256 turns).

Flugslaktarn the Thaumaturge (Octopode Alchemist)   Turns: 4256, Time: 00:12:05

Health: -1/94      AC:  1    Str:  7    XL:     10   Next: 37%
Magic:  11/24      EV: 13    Int: 19    God:    Sif Muna [*.....]
Gold:   362        SH:  0    Dex: 16    Spells: 10/29 levels left

rFire   . . .        m - +0 short sword (distort)
rCold   + . .        (no shield)
rNeg    . . .        (helmet restricted)
rPois   .            p - amulet of faith
rElec   .            c - ring of protection from cold
rCorr   .            (no ring)
SInv    .            (no ring)
Will    .....        (no ring) Stlth
                     (no ring)
HPRegen 0.35/turn    (no ring)
MPRegen 0.19/turn    (no ring)
                     (no ring)

%: faith
@: berserking, very quick
A: almost no armour, amphibious, 8 rings, camouflage 1, gelatinous body 1,
(nimble swimmer 1), tentacles, mutation resistance 1
a: Renounce Religion, Channel Magic


You were on level 1 of the Orcish Mines.
You worshipped Sif Muna.
Sif Muna was aware of your devotion.
You visited 3 branches of the dungeon, and saw 11 of its levels.

You collected 362 gold pieces.

Inventory:

Hand Weapons
 m - a +0 short sword of distortion (weapon)
   (You found it on level 2 of the Dungeon)
 s - a +0 rapier
   (You found it on level 8 of the Dungeon)
Jewellery
 c - a ring of protection from cold (left tentacle)
   (You found it on level 3 of the Dungeon)
 p - an amulet of faith (around mantle)
   (You found it on level 3 of the Dungeon)
Wands
 r - a wand of mindburst (5)
   (You found it on level 9 of the Dungeon)
Scrolls
 b - 2 scrolls of vulnerability
 i - 2 scrolls of enchant armour
 k - 4 scrolls of immolation
 l - 2 scrolls of enchant weapon
 n - a scroll of silence
 o - 2 scrolls of amnesia
 t - 2 scrolls of teleportation
 u - a scroll of revelation {unknown}
Potions
 a - a potion of magic
 d - a potion of might
 e - 2 potions of mutation
 f - 2 potions of attraction
 g - a potion of cancellation
 j - a potion of enlightenment
 q - 4 potions of curing


   Skills:
 - Level 3.0 Fighting
 - Level 2.0 Dodging
 - Level 2.6 Stealth
 + Level 10.4 Spellcasting
 - Level 1.0 Conjurations
 + Level 4.0 Necromancy
 - Level 4.0 Fire Magic
 - Level 8.5 Alchemy


You had 10 spell levels left.
You knew the following spells:

 Your Spells              Type           Power      Damage    Failure   Level
a - Sting                 Conj/Alch      100%       1d9       1%          1
b - Olgreb's Toxic Radia  Alch           42%        N/A       2%          4
c - Sticky Flame          Fire/Alch      33%        2d7       5%          4
d - Ignite Poison         Fire/Alch      33%        N/A       5%          4
e - Death Channel         Necr           12%        N/A       91%         6

Your spell library contained the following spells:

 Spells                   Type           Power      Damage    Failure   Level
 Cigotuvi's Dreadful Rot  Necr/Alch/Air  50%        N/A       1%          2
 Mercury Vapours          Alch/Air       52%        N/A       1%          2
 Sublimation of Blood     Necr           25%        N/A       1%          2
 Fugue of the Fallen      Necr           25%        N/A       4%          3
 Mephitic Cloud           Conj/Alch/Air  21%        N/A       6%          3
 Freeze                   Ice            36%        1d5       7%          1
 Static Discharge         Conj/Air       22%        3-4/arc   9%          2
 Call Imp                 Summ           18%        N/A       11%         2
 Ensorcelled Hibernation  Hex/Ice        18%        N/A       11%         2
 Jinxbite                 Hex            18%        N/A       11%         2
 Dispel Undead            Necr           25%        3d12      14%         4
 Hailstorm                Conj/Ice       11%        3d6       17%         3
 Frozen Ramparts          Ice            18%        1d3       22%         3
 Passwall                 Erth           9%         N/A       22%         3
 Swiftness                Air            9%         N/A       22%         3
 Anguish                  Hex/Necr       8%         N/A       30%         4
 Martyr's Knell           Necr/Summ      17%        N/A       30%         4
 Yara's Violent Unravell  Hex/Alch       13%        3d7       34%         5
 Airstrike                Air            4%         2d(1-17)  56%         4
 Summon Lightning Spire   Summ/Air       9%         N/A       56%         4
 Enfeeble                 Hex            4%         N/A       100%        7
 Summon Hydra             Summ           4%         N/A       100%        7
 Ignition                 Fire           12%        3d6       100%        8


Dungeon Overview and Level Annotations

Branches:
Dungeon (9/15)             Temple (1/1) D:7            Lair (0/5) D:9
    Orc (1/2) D:9

Altars:
Ashenzari
Cheibriados
Dithmenos
Elyvilon
Fedhas
Gozag
Hepliaklqana
Kikubaaqudgha
Makhleb
Nemelex Xobeh
Okawaru
Qazlal
Ru
Sif Muna
Trog
Uskayaw
Vehumet
Wu Jian
Xom
Yredelemnul
Zin
The Shining One
Jiyva

Annotations:
D:8 2 transporters


Innate Abilities, Weirdness & Mutations

You cannot wear most types of armour.
You are amphibious.
You can wear up to eight rings at the same time.
Your skin changes colour to match your surroundings (Stealth+).
Your rubbery body absorbs attacks. (AC +1, EV +1)
((You are camouflaged when in or above water. (Stealth+)))
You have tentacles for arms and can constrict up to eight enemies at once.
You are somewhat resistant to further mutation.


Message History

Found a robe.
You see here a +0 robe.
Found a stone staircase leading up.
You pick up a book of Frost and begin reading...
You add the spells Freeze, Frozen Ramparts and Hailstorm to your library.
Found a staircase to the Orcish Mines.
Items here: )) [ รท.
There is a staircase to the Orcish Mines here.
You climb downwards.
Welcome to the Orcish Mines!
The ogre shouts!
You hear a shout! x3
Found a stone staircase leading down.
There is a staircase back to the Dungeon here.
Unknown command.
Casting: Ignite Poison (dangerous; 5% risk of failure)
Confirm with . or Enter, or press ? or * to list all spells.
You begin to radiate toxic energy.
The ogre is poisoned.
The ogre looks even sicker.
The ogre looks even sicker.
The ogre closely misses you.
You hit the ogre. You squeeze the ogre!
The ogre is severely wounded.
The ogre looks as sick as possible!
You hit the ogre but do no damage.
Space warps horribly around the ogre!!
You kill the ogre!
Sif Muna accepts your kill.
Your toxic aura wanes.
An orc comes into view. It is wielding a +0 club.
An orc warrior comes into view. It is wielding a +0 war axe.
Things that are here:
a +0 giant club; an ogre corpse The orc warrior shouts!
You hear a shout! x4; You hear a howl!
You hear a shout! x3
A warg comes into view.
An orc sorcerer comes into view. It is wielding a +0 dagger.
Casting: Olgreb's Toxic Radiance (dangerous; 2% risk of failure)
Confirm with . or Enter, or press ? or * to list all spells.
You begin to radiate toxic energy.
The orc warrior is poisoned.
The orc sorcerer shouts!
The orc sorcerer is poisoned.
The orc is poisoned.
The warg howls!
The orc warrior looks even sicker.
The orc sorcerer looks even sicker.
The orc looks even sicker.
You hear a shout!
A warg comes into view.
A kobold blastminer comes into view.
An orc warlord comes into view.
It is wielding a +2 battleaxe of electrocution.
The orc warrior looks even sicker.
You kill the orc!
Sif Muna accepts your kill.
Your toxic aura wanes.
The orc warlord moves out of view.
Casting: Olgreb's Toxic Radiance (dangerous; 2% risk of failure)
Confirm with . or Enter, or press ? or * to list all spells.
You begin to radiate toxic energy.
The kobold blastminer is poisoned.
The kobold blastminer looks even sicker.
The orc warrior looks as sick as possible!
The kobold blastminer wields a +0 arbalest.
The kobold blastminer shoots a bolt.
The bolt closely misses you.
A kobold blastminer comes into view.
Casting: Olgreb's Toxic Radiance (dangerous; 2% risk of failure)
Confirm with . or Enter, or press ? or * to list all spells.
Your toxic radiance grows in intensity.
The kobold blastminer is poisoned.
The orc warlord is poisoned.
The orc sorcerer looks even sicker.
The kobold blastminer looks even sicker.
The orc sorcerer looks as sick as possible!
The orc sorcerer mumbles some strange words.
You hit the orc warrior but do no damage.
Space warps horribly around the orc warrior!!
You kill the orc warrior!
Sif Muna accepts your kill.
The sixfirhy is poisoned.
The orc warlord looks even sicker.
A warg comes into view.
The warg bites you!
The orc sorcerer casts a spell.
The kobold blastminer looks as sick as possible!
The warg attacks as it pursues you! The warg bites you!!
The kobold blastminer shoots a bolt.
The bolt hits you!
A warg comes into view.
The orc warlord roars a battlecry!
You hear a howl!
You hear a shout!
There is a stone staircase leading down, spattered with blood here.
The orc warlord looks even sicker.
The warg barely misses you.
The sixfirhy looks even sicker.
The kobold blastminer looks even sicker.
Your toxic aura wanes.
The kobold blastminer wields a +0 arbalest.
The kobold blastminer shoots a bolt.
The bolt hits you!
* * * LOW HITPOINT WARNING * * *
A red film seems to cover your vision as you go berserk!
You feel yourself moving faster!
You feel mighty! The warg misses you. The warg closely misses you.
You feel a strong urge to attack something.
You kill the kobold blastminer!
Sif Muna accepts your kill.
The kobold blastminer shoots a bolt.
The bolt closely misses you.
You hear a shout!
Your Necromancy skill increases to level 4!
There is a staircase back to the Dungeon here.
The sixfirhy hits you.
* * * LOW HITPOINT WARNING * * *
The sixfirhy shocks you!
You die...

#.........#.##
.............
#....^.....#
###.....).....
##....)..).....
#......).o..h..
#....>h..K.....
#..3...#o.##...
##@h...........
##.#.....##...
##.......# .
#.........
......#.##
.........
....... ......


You could see an orc warlord (very poisoned), a kobold blastminer (very
poisoned), a sixfirhy (summoned, very poisoned), 2 wargs and an orc sorcerer
(strong, very poisoned).

Vanquished Creatures
  A kobold blastminer (Orc:1)
  A troll (D:9)
  A wyvern (D:8)
  2 steam dragons
  A water moccasin (D:9)
  A black bear (D:6)
  A sky beast (D:7)
  3 ice beasts
  3 orc warriors
  2 ogres
  3 wolves (D:9)
  4 centaurs
  A kobold brigand (D:6)
  2 phantoms
  2 bullfrogs
  2 scorpions
  4 killer bees (D:7)
  An electric eel (D:9)
  A howler monkey (D:6)
  A crimson imp (D:4)
  3 bombardier beetles
  5 orc priests
  7 hounds
  5 iguanas
  2 sleepcaps
  4 orc wizards
  7 adders
  A gnoll (D:1)
  2 white imps
  2 ufetubi (D:5)
  3 dart slugs
  2 ribbon worms
  21 orcs
  6 endoplasms
  3 giant cockroaches
  3 goblins
  5 hobgoblins
  A jackal (D:3)
  3 quokkas
  4 ball pythons
  A bat (D:3)
  A frilled lizard (D:3)
  13 kobolds
  7 rats
148 creatures vanquished.

Vanquished Creatures (others)
  A kobold brigand (D:8)
1 creature vanquished.

Grand Total: 149 creatures vanquished

Notes
Turn   | Place    | Note
-------+----------+-------------------------------------------
     0 | D:1      | Flugslaktarn the Octopode Alchemist began the quest for the
                  | Orb.
     0 | D:1      | Reached XP level 1. HP: 11/11 MP: 3/3
   148 | D:1      | Reached XP level 2. HP: 12/17 MP: 1/5
   217 | D:1      | Found a faded altar of an unknown god.
   416 | D:2      | Reached XP level 3. HP: 17/21 MP: 6/6
   544 | D:3      | Reached XP level 4. HP: 16/27 MP: 0/8
   735 | D:3      | Reached skill level 5 in Alchemy
   796 | D:4      | Reached skill level 3 in Spellcasting
   850 | D:4      | Found a shimmering altar of Xom.
   854 | D:4      | Found an ornate altar of the Wu Jian Council.
   854 | D:4      | Found a glowing silver altar of Zin.
   897 | D:3      | Reached XP level 5. HP: 31/31 MP: 5/9
  1009 | D:2      | Learned a level 4 spell: Olgreb's Toxic Radiance
  1014 | D:2      | Learned a level 4 spell: Sticky Flame
  1541 | D:4      | Reached XP level 6. HP: 32/36 MP: 8/11
  1542 | D:4      | Found an iron altar of Okawaru.
  1621 | D:4      | Gained mutation: You are somewhat resistant to further
                  | mutation. [potion of mutation]
  1633 | D:5      | Entered Level 5 of the Dungeon
  1637 | D:5      | Reached skill level 4 in Spellcasting
  1689 | D:5      | Reached XP level 7. HP: 17/41 MP: 11/13
  1701 | D:5      | Learned a level 4 spell: Ignite Poison
  2050 | D:4      | Reached XP level 8. HP: 46/46 MP: 2/15
  2062 | D:4      | Reached skill level 1 in Fire Magic
  2071 | D:4      | Found a stormy altar of Qazlal.
  2073 | D:4      | Found a glowing golden altar of the Shining One.
  2355 | D:6      | Reached skill level 1 in Fighting
  2388 | D:6      | Reached skill level 5 in Spellcasting
  2732 | D:7      | Reached skill level 6 in Spellcasting
  2771 | D:7      | Reached XP level 9. HP: 56/56 MP: 9/18
  2771 | D:7      | Found a staircase to the Ecumenical Temple.
  2780 | Temple   | Entered the Ecumenical Temple
  2817 | Temple   | Became a worshipper of Sif Muna the Loreminder
  3077 | D:7      | Reached skill level 7 in Spellcasting
  3135 | D:7      | Found a bloodstained altar of Trog.
  3181 | D:8      | Found a burning altar of Makhleb.
  3228 | D:8      | Found a transporter.
  3230 | D:8      | Found a transporter.
  3312 | D:8      | Found a viscous altar of Jiyva.
  3356 | D:8      | Reached skill level 8 in Spellcasting
  3752 | D:9      | Found a staircase to the Lair.
  3752 | D:9      | Noticed a troll
  3758 | D:9      | Reached skill level 9 in Spellcasting
  3761 | D:9      | Reached * piety under Sif Muna
  3765 | D:9      | Killed a troll
  3766 | D:9      | Reached XP level 10. HP: 63/63 MP: 5/23
  3780 | D:9      | Reached skill level 10 in Spellcasting
  3780 | D:9      | Reached skill level 1 in Necromancy
  3823 | D:9      | Learned a level 6 spell: Death Channel
  4212 | D:9      | Found a staircase to the Orcish Mines.
  4237 | Orc:1    | Entered Level 1 of the Orcish Mines
  4245 | Orc:1    | Noticed an orc sorcerer
  4246 | Orc:1    | Noticed a kobold blastminer
  4247 | Orc:1    | Noticed an orc warlord
  4248 | Orc:1    | Noticed a kobold blastminer
  4250 | Orc:1    | Noticed a sixfirhy
  4255 | Orc:1    | Killed a kobold blastminer
  4256 | Orc:1    | Slain by a sixfirhy

Illustrated notes

Levels and vault maps discovered:
D:1:      psy_arrival_whirlpool, layout_loops_corners,
          shapermc_ecumenical_altar_ellora
D:2:      layout_basic, nicolae_titane
D:3:      layout_loops_ring, minmay_randomly_rotated_circles
D:4:      layout_basic, okawaru_ov_weapons_minmay,
          nicolae_overflow_hidden_temple, minmay_fire_ice_demons
D:5:      layout_cave_pools, hangedman_decor_opposing
D:6:      layout_gridville
D:7:      layout_rooms, kennysheep_mini_moat, minmay_temple_entry_water_ring,
          serial_aquarium, aquarium_bridge_long_joined [aquarium_subvault_wall,
          aquarium_subvault_bridge, aquarium_subvault_bridge,
          aquarium_subvault_wall, aquarium_subvault_wall,
          aquarium_subvault_bridge], aquarium_bridge_straight
          [aquarium_subvault_bridge, aquarium_subvault_wall,
          aquarium_subvault_bridge, aquarium_subvault_window],
          aquarium_window_2, aquarium_window_2, aquarium_window_3,
          aquarium_window_1, aquarium_view_2f, aquarium_view_2d,
          aquarium_balcony_1a, aquarium_pool_2, uniq_maurice
D:8:      gammafunk_jiyva_shrine, layout_cave_pods, amcnicky_altar_gilded
D:9:      layout_basic, erik_lair_island, orc_0_dummy
Temple:   compressed_dpeg_circular_temple
Orc:1:    layout_caves, basic_altar

Skill      XL: |  1  2  3  4  5  6  7  8  9 10 |
---------------+-------------------------------+-----
Alchemy        | 4 5 6 7 8 |  8.5
Spellcasting   | 3 4 6 9 10 | 10.4
Fire Magic     | 4 |  4.0
Fighting       | 3 |  3.0
Necromancy     | 4 |  4.0
Dodging        | |  2.0
Stealth        | |  2.6
Conjurations   | |  1.0

Action                     |  1- 3 |  4- 6 |  7- 9 | 10-12 || total
---------------------------+-------+-------+-------+-------++-------
  Melee: Unarmed           |    60 |    47 |       |       ||   107
         Tentacles         |    16 |    16 |     9 |     3 ||    44
         Constrict         |    12 |    21 |    10 |       ||    43
         Short sword       |       |    34 |    41 |     8 ||    83
         Punch             |       |       |     3 |       ||     3
   Cast: Sting             |    22 |    43 |    41 |     4 ||   110
         Olgreb's Toxic Ra |       |     1 |    36 |    10 ||    47
         Sticky Flame      |       |       |     3 |       ||     3
         Ignite Poison     |       |       |     1 |     1 ||     2
    Use: Potion            |     1 |     9 |     2 |     1 ||    13
         Scroll            |       |     8 |     3 |       ||    11
   Stab: Sleeping          |       |     1 |       |     1 ||     2
 Armour: Skin              |    33 |    45 |    49 |    15 ||   142
  Dodge: Dodged            |    44 |    61 |    30 |    15 ||   150

Table legend: (Time is in decaauts)
 A = Elapsed time spent in this place.
 B = Non-inter-level travel time spent in this place.
 C = Inter-level travel time spent in this place.
 D = Time resting spent in this place.
 E = Time spent auto-exploring this place.
 F = Levels seen in this place.
 G = Mean time per level.
                   A        B        C        D        E       F      G
               +--------+--------+--------+--------+--------+-----+--------+
         Total |   4264 |   3990 |    274 |    177 |   1610 |  11 |  387.6 |
       Dungeon |   4172 |   3968 |    204 |    177 |   1610 |   9 |  463.6 |
        Temple |     73 |      3 |     70 |      0 |      0 |   1 |   73.0 |
  Orcish Mines |     18 |     18 |      0 |      0 |      0 |   1 |   18.0 |
               +--------+--------+--------+--------+--------+-----+--------+

Top non-repeatable levels by time:
     D:4: 601 daAuts
     D:8: 571 daAuts
     D:6: 570 daAuts
     D:3: 557 daAuts
     D:9: 515 daAuts
     D:5: 442 daAuts
     D:1: 369 daAuts
     D:7: 348 daAuts
     D:2: 194 daAuts
  Temple: 73 daAuts
   Orc:1: 18 daAuts
